AoeStats
← chungwong0709

Golden Pit

509059709Analyzed
1v1 RM · 7d ago on Sep 25, 2026· 24m 34s· 2 players
Game mode
Random Map
Map size
Tiny (2 player)
Population
200
Speed
Normal
Resources
Standard
Victory
Conquest
Starting age
Dark Age
Ending age
Imperial Age
RankedLock teamsTeams togetherTeam positionsShared explorationLock speedFull tech treeHidden civsTurbo modeCheats
Victory
Defeat
909
+14
🇭🇰 Teutons · Hong Kong SAR China
866
-14
chungwong0709
0:27 Loom
12:36 Feudal Age
12:41 Man-at-Arms
13:16 Horse Collar
13:24 Double-Bit Axe
17:15 Scale Mail Armor
23:26 Castle Age
21:49 Fletching
24:20 Bodkin Arrow
Смерть буржуямъ
8:05 Loom
9:54 Feudal Age
15:25 Castle Age
19:46 Town Watch
22:53 Wheelbarrow
22:47 Fervor
Connection lost

Rejoining the realm…

Still unreachable

The connection could not be restored.

Session expired

The server has moved on; the page needs a fresh start.